 Dungeon Crawl Stone Soup version 0.30-a0-272-gf98c3da03f (webtiles) character file.

Game seed: 10609011343885527072

14022 freelancePsychic the Fighter (level 11, -5/101 HPs)
             Began as a Demigod Ice Elementalist on Oct 15, 2022.
             Slain by a yak (8 damage)
             ... on level 1 of the Lair of Beasts.
             The game lasted 00:23:42 (14580 turns).

freelancePsychic the Fighter (DgIE)                Turns: 14580, Time: 00:23:43

Health: -5/101     AC: 11    Str:  9    XL:     11   Next: 53%
Magic:  29/29      EV: 11    Int: 35    God:
Gold:   714        SH:  0    Dex: 14    Spells: 14/29 levels left

rFire   + . .      SeeInvis .    s - +11 quarterstaff "Uronou Fearph" {freeze, rElec rF+}
rCold   . . .      Faith    .    (shield currently unavailable)
rNeg    . . .      Spirit   .    R - +0 troll leather armour
rPois   +          Reflect  .    (no helmet)
rElec   +          Harm     .    (no cloak)
rCorr   .          Rampage  .    l - +2 pair of gloves
Will    +....                    (no boots)
Stlth   ++........               U - amulet "Nefiuwku" {rElec rPois Regen+}
HPRegen 1.96/turn                t - +6 ring of intelligence
MPRegen 0.21/turn                u - +4 ring of protection

@: frozen, studying Spellcasting, very slow
A: high MP 1, forlorn, divine attributes
a: no special abilities


You were on level 1 of the Lair of Beasts.
You visited 2 branches of the dungeon, and saw 13 of its levels.
You also visited: Ossuary and Bailey.

You collected 1594 gold pieces.
You spent 880 gold pieces at shops.

Inventory:

Hand Weapons
 s - the +11 quarterstaff "Uronou Fearph" (weapon) {freeze, rElec rF+}
   (You found it on level 3 of the Dungeon)

   It freezes those it strikes, dealing additional cold damage.
   It can also slow down cold-blooded creatures.
   rF:        It protects you from fire.
   rElec:     It insulates you from electricity.
 D - the +7 dagger of the Holding Gods {vorpal, Stlth+}
   (You found it on level 6 of the Dungeon)

   It inflicts extra damage upon your enemies.
   Stlth:     It makes you more stealthy.
Missiles
 E - 2 throwing nets
 K - 23 boomerangs
 L - 8 curare-tipped darts
Armour
 a - a +0 robe
 l - a +2 pair of gloves (worn)
 m - a +0 kite shield
 p - a +0 leather armour
 R - a +0 troll leather armour (worn)
Jewellery
 j - a ring of magical power
 t - a +6 ring of intelligence (left hand)
 u - a +4 ring of protection (right hand)
 w - a ring of wizardry
 H - a +4 ring of slaying
 O - an amulet of magic regeneration
 T - a ring of magical power
 U - the amulet "Nefiuwku" (around neck) {rElec rPois Regen+}
   (You acquired it on level 12 of the Dungeon)

   [amulet of regeneration]

   rElec:     It insulates you from electricity.
   rPois:     It protects you from poison.
   Regen:     It increases your rate of health regeneration.
 V - a ring of wizardry
Wands
 x - a wand of mindburst (23)
 B - a wand of paralysis (15)
 J - a wand of acid (12)
 Q - a wand of iceblast (4)
Scrolls
 e - 5 scrolls of teleportation {@r4}
 f - a scroll of fear
 i - a scroll of torment
 k - 3 scrolls of butterflies
 q - 2 scrolls of noise
 y - 3 scrolls of brand weapon
 F - a scroll of amnesia
 I - 4 scrolls of poison
 M - 2 scrolls of immolation
 P - 2 scrolls of magic mapping {unknown}
 S - 2 scrolls of identify {@r1}
Potions
 b - 3 potions of magic
 c - 10 potions of curing {@q1}
 d - 3 potions of brilliance {unknown}
 g - 3 potions of mutation {unknown}
 h - 3 potions of haste {unknown}
 n - 3 potions of heal wounds {@q2}
 o - 3 potions of attraction
 r - 8 potions of flight {unknown}
 v - 5 potions of degeneration {unknown}
 z - 2 potions of ambrosia {unknown}
 A - 3 potions of lignification {unknown}
 C - 2 potions of cancellation {unknown}
 G - a potion of berserk rage {unknown}
 N - 2 potions of invisibility


   Skills:
 + Level 10.6 Fighting
 - Level 1.7 Dodging
 - Level 1.7 Stealth
 + Level 9.9 Spellcasting
 - Level 8.0 Conjurations
 - Level 8.1 Fire Magic
 - Level 4.5 Ice Magic


You had 14 spell levels left.
You knew the following spells:

 Your Spells              Type           Power      Damage    Failure   Level
a - Foxfire               Conj/Fire      100%       2x1d9     1%          1
b - Starburst             Conj/Fire      32%        6d10      19%         6
c - Frozen Ramparts       Ice            98%        1d15      1%          3
e - Fireball              Conj/Fire      32%        3d14      3%          5

Your spell library contained the following spells:

 Spells                   Type           Power      Damage    Failure   Level
 Freeze                   Ice            100%       1d10      1%          1
 Kiss of Death            Conj/Necr      100%       2d13      1%          1
 Inner Flame              Hex/Fire       45%        N/A       1%          3
 Ozocubu's Armour         Ice            49%        N/A       1%          3
 Apportation              Tloc           34%        N/A       3%          1
 Sting                    Tmut/Pois      68%        1d6       3%          1
 Mephitic Cloud           Conj/Pois/Air  36%        N/A       3%          3
 Cigotuvi's Dreadful Rot  Necr/Pois/Air  34%        N/A       5%          2
 Poisonous Vapours        Pois/Air       34%        N/A       5%          2
 Confusing Touch          Hex            17%        N/A       11%         3
 Gell's Gravitas          Tloc           17%        N/A       11%         3
 Teleport Other           Tloc           17%        N/A       11%         3
 Tukima's Dance           Hex            17%        N/A       11%         3
 Ice Form                 Ice/Tmut       33%        N/A       14%         4
 Summon Ice Beast         Ice/Summ       33%        N/A       14%         4
 Cause Fear               Hex            8%         N/A       34%         4
 Dispel Undead            Necr           17%        3d10      34%         4
 Olgreb's Toxic Radiance  Pois           17%        N/A       34%         4
 Passage of Golubria      Tloc           17%        N/A       34%         4
 Summon Lightning Spire   Summ/Air       17%        N/A       34%         4
 Alistair's Intoxication  Tmut/Pois      11%        N/A       69%         5
 Summon Forest            Summ/Tloc      8%         N/A       69%         5
 Summon Mana Viper        Hex/Summ       17%        N/A       69%         5
 Yara's Violent Unravell  Hex/Tmut       8%         3d5       69%         5
 Death Channel            Necr           8%         N/A       99%         6
 Dispersal                Tloc           8%         N/A       99%         6
 Summon Cactus Giant      Summ           8%         N/A       99%         6
 Storm Form               Tmut/Air       8%         N/A       100%        7
 Discord                  Hex            8%         N/A       100%        8
 Maxwell's Capacitive Co  Air            8%         ∞         100%        8


Dungeon Overview and Level Annotations

Branches:
Dungeon (12/15)            Temple (0/1) D:4            Lair (1/5) D:11
    Orc (0/2) D:12        Ossuary (visited)          Bailey (visited)

Shops:
D:10 :

Annotations:
D:11 1 transporter, Qeuntud's ghost, journeyman DECj


Innate Abilities, Weirdness & Mutations

You have an increased reservoir of magic. (+10% MP)
You shall have no god before yourself.
Your divine heritage dramatically boosts your attributes as you level up.


Message History

Press: ? - help, Shift-Dir - straight line
Okay, then.
You feel much better.
The rime drake resists.
The wall freezes the rime drake.
The rime drake bites you. The yak gores you.
The wall freezes the rime drake but does no damage.
The rime drake barely misses you.
The wall freezes the water moccasin.
The water moccasin seems to slow down.
You hit the rime drake but do no damage.
The rime drake is lightly wounded.
The yak gores you!
* * * LOW HITPOINT WARNING * * *
The rime drake resists.
The wall freezes the rime drake.
The rime drake barely misses you.
You sock the rime drake! You freeze the rime drake.
The rime drake is heavily wounded.
The rime drake resists.
The wall freezes the rime drake.
The rime drake completely misses you. The yak gores you!
* * * LOW HITPOINT WARNING * * *
The water moccasin bites the bush but does no damage.
The rime drake resists.
The wall freezes the rime drake.
The rime drake bites you.
* * * LOW HITPOINT WARNING * * *
The yak gores you but does no damage.
You thump the yak! You freeze the yak.
The yak is almost dead.
The ice encasing you melts away.
The water moccasin is no longer moving slowly.
The rime drake resists.
The wall freezes the rime drake.
The rime drake breathes ice at you. The flash freeze hits you!!
* * * LOW HITPOINT WARNING * * *
You are encased in ice.
The water moccasin bites the bush.
The yak barely misses you.
You closely miss the rime drake.
The rime drake is almost dead.
The frozen ramparts melt away.
The water moccasin bites the bush but does no damage.
The rime drake bites you but does no damage.
The yak gores you!
You die...

... ...$.
######.....
##P@......P.
###.kYP...P...
####.P..S..#.....
.........#.....#..
...........>.>....
.........$<...>...
........#...8...#.
..........>...>...
.......P.....>...P


You could see a yak, a rime drake and a water moccasin.

Vanquished Creatures
  2 two-headed ogres
  2 boulder beetles
  An orc knight (Bailey)
  A deep elf pyromancer (D:12)
  An oklob plant (D:11)
  A black mamba (D:11)
  A cane toad (D:11)
  An unseen horror (D:10)
  A rime drake (Lair:1)
  4 trolls
  Grinder (D:6)
  A shadow (D:9)
  2 vampires (D:12)
  2 wyverns
  4 wraiths
  14 yaks
  A steam dragon (D:10)
  2 vampire mosquitoes (D:12)
  5 water moccasins
  5 orc warriors
  A sky beast (D:6)
  2 centaurs (D:10)
  2 phantoms
  9 kobold brigands
  A necrophage (D:7)
  A bullfrog (D:7)
  A scorpion (D:6)
  A gnoll sergeant (D:5)
  16 wights
  6 killer bees (D:8)
  3 gnoll boudas
  5 jellies
  5 orc priests
  3 hounds (D:5)
  Ijyb (D:4)
  An iguana (D:7)
  4 orc wizards
  8 mummies (Ossuary)
  32 gnolls
  9 adders
  2 shadow imps
  A white imp (D:5)
  2 worms (D:2)
  A dart slug (D:5)
  29 orcs
  11 endoplasms
  A giant cockroach (D:2)
  12 goblins
  8 hobgoblins
  5 jackals
  6 quokkas
  7 ball pythons
  4 bats
  4 frilled lizards
  3 gnoll zombies (Ossuary)
  2 hobgoblin zombies (Ossuary)
  54 kobolds
  A kobold zombie (Ossuary)
  2 orc zombies (Ossuary)
  5 rats
323 creatures vanquished.

Vanquished Creatures (collateral kills)
  A foxfire (D:3)
1 creature vanquished.

Vanquished Creatures (others)
  360 foxfires
  A fungus (D:3)
  3 plants (D:11)
  9 toadstools (D:3)
373 creatures vanquished.

Grand Total: 697 creatures vanquished

Notes
Turn   | Place    | Note
-------+----------+-------------------------------------------
     0 | D:1      | freelancePsychic the Demigod Ice Elementalist began the
                  | quest for the Orb.
     0 | D:1      | Reached XP level 1. HP: 14/14 MP: 5/5
   335 | D:1      | Reached XP level 2. HP: 17/20 MP: 5/7
   435 | D:1      | Learned a level 1 spell: Foxfire
   701 | D:2      | Reached skill level 1 in Conjurations
   701 | D:2      | Reached skill level 1 in Fire Magic
   701 | D:2      | Reached XP level 3. HP: 26/26 MP: 0/9
   785 | D:2      | Learned a level 3 spell: Frozen Ramparts
  2460 | D:3      | Identified the +11 quarterstaff "Uronou Fearph" {freeze,
                  | rElec rF+}
  2603 | D:3      | Noticed a phantom
  2610 | D:3      | Killed a phantom
  2611 | D:3      | Reached XP level 4. HP: 24/33 MP: 9/11
  2960 | D:3      | Reached XP level 5. HP: 38/38 MP: 8/12
  3110 | D:3      | Reached skill level 1 in Fighting
  3579 | D:4      | Found a sand-covered staircase.
  3587 | Ossuary  | Entered an ossuary
  3679 | Ossuary  | Reached XP level 6. HP: 48/48 MP: 3/13
  3945 | Ossuary  | Reached skill level 2 in Fighting
  4069 | Ossuary  | Learned a level 5 spell: Fireball
  4145 | D:4      | Noticed Ijyb
  4146 | D:4      | Paralysed by Ijyb for 2 turns
  4159 | D:4      | Killed Ijyb
  4315 | D:4      | Found a staircase to the Ecumenical Temple.
  5006 | D:4      | Reached XP level 7. HP: 49/56 MP: 15/15
  5151 | D:4      | Reached skill level 3 in Fighting
  5455 | D:5      | Entered Level 5 of the Dungeon
  6111 | D:5      | Reached skill level 4 in Fighting
  6336 | D:6      | Noticed Grinder
  6346 | D:6      | Killed Grinder
  6347 | D:6      | Reached XP level 8. HP: 56/67 MP: 8/16
  6549 | D:6      | Identified the +7 dagger of the Holding Gods {vorpal,
                  | Stlth+}
  6818 | D:6      | Reached skill level 5 in Conjurations
  6818 | D:6      | Reached skill level 5 in Fire Magic
  6824 | D:6      | Reached skill level 5 in Fighting
  7109 | D:7      | Found a flagged portal.
  7263 | Bailey   | Entered a bailey
  7446 | Bailey   | Noticed an orc knight
  7463 | Bailey   | Killed an orc knight
  7464 | Bailey   | Reached skill level 6 in Fighting
  7464 | Bailey   | Reached XP level 9. HP: 42/75 MP: 2/17
  9049 | D:8      | Reached skill level 7 in Fighting
  9816 | D:9      | Reached XP level 10. HP: 86/86 MP: 10/19
  9989 | D:9      | Noticed a two-headed ogre
  9997 | D:9      | Killed a two-headed ogre
 10587 | D:9      | Learned a level 6 spell: Starburst
 10778 | D:10     | Entered Level 10 of the Dungeon
 10778 | D:10     | Found Vohaptatoi's Self-Improvement Boutique.
 10789 | D:9      | Reached skill level 8 in Fighting
 10963 | D:10     | Bought a manual of Spellcasting for 880 gold pieces
 11697 | D:10     | Reached skill level 5 in Spellcasting
 12030 | D:11     | Noticed a boulder beetle
 12042 | D:11     | Killed a boulder beetle
 12043 | D:11     | Reached skill level 9 in Fighting
 12175 | D:11     | Found a transporter.
 12177 | D:11     | Noticed a two-headed ogre
 12178 | D:11     | Noticed a two-headed ogre
 12178 | D:11     | Noticed Qeuntud's ghost (journeyman DECj)
 12179 | D:11     | Identified the +1 giant club of the Evil Eye {vamp, rF+
                  | Str+2 Dex+4}
 12179 | D:11     | Noticed a two-headed ogre
 12337 | D:11     | Reached XP level 11. HP: 66/97 MP: 20/25
 12513 | D:11     | Identified the +0 leather armour of Vanity {rN+++ Will-
                  | Regen+ Int+2}
 12682 | D:11     | Found a staircase to the Lair.
 13479 | D:12     | Found a staircase to the Orcish Mines.
 13573 | D:12     | Noticed a boulder beetle
 13586 | D:12     | Killed a boulder beetle
 13602 | D:12     | Noticed a deep elf pyromancer
 13608 | D:12     | Killed a deep elf pyromancer
 13609 | D:12     | Reached skill level 10 in Fighting
 13744 | D:12     | Identified a scroll of acquirement
 13871 | D:12     | Acquired the amulet "Nefiuwku" {rElec rPois Regen+}
 14003 | D:12     | Noticed a two-headed ogre
 14008 | D:12     | Killed a two-headed ogre
 14450 | Lair:1   | Entered Level 1 of the Lair of Beasts
 14579 | Lair:1   | HP: 1/101 [rime drake/flash freeze (22)]
 14580 | Lair:1   | Slain by a yak

Illustrated notes

Levels and vault maps discovered:
D:1:      eino_arrival_cavern_b, layout_basic
D:2:      layout_basic
D:3:      cheibrodos_fertilizer, layout_basic
D:4:      minmay_goblin_kobold_castle, layout_rooms,
          nicolae_tso_swordbearing_angel, minmay_temple_entry_proselytizer,
          nicolae_ossuary_entry_monument, uniq_ijyb
D:5:      layout_rooms, mainiacjoe_overflow_alcove_4, minmay_fountain_box
D:6:      layout_basic, overflow_temple_1_default, uniq_grinder
D:7:      layout_layer_cave, enter_bailey_5
D:8:      layout_basic
D:9:      layout_roguey
D:10:     layout_irregular_city, lemuel_coloured_pillars_altar,
          mainiacjoe_overflow_divided_tiny, nicolae_shop_self_help
D:11:     layout_basic, dpeg_oklobed_lair, gammafunk_ghost_smash
D:12:     layout_basic, minmay_orc_entry_temple_small
Lair:1:   layout_hall_layers, evilmike_ambush [evilmike_ambush_outer_basic,
          evilmike_ambush_inner_pond], infiniplex_staircase_pool_2, uniq_maggie

Skill      XL: |  1  2  3  4  5  6  7  8  9 10 11 |
---------------+----------------------------------+-----
Spellcasting   | 2 3 4 7 9 |  9.9
Conjurations   | 1 2 3 4 6 7 8 |  8.0
Fire Magic     | 1 2 3 4 6 7 8 |  8.1
Ice Magic      | 4 |  4.5
Fighting       | 1 2 4 6 7 9 10 | 10.6
Dodging        | |  1.7
Stealth        | |  1.7

Action                   |  1- 3 |  4- 6 |  7- 9 | 10-12 || total
-------------------------+-------+-------+-------+-------++-------
Melee: Unarmed           |    17 |       |       |       ||    17
       Quarterstaff      |    10 |    75 |   102 |   118 ||   305
 Cast: Freeze            |    50 |       |       |       ||    50
       Foxfire           |     2 |    76 |   129 |       ||   207
       Frozen Ramparts   |     4 |     5 |    29 |    10 ||    48
       Fireball          |       |       |     3 |    49 ||    52
  Use: Scroll            |     4 |     7 |     7 |     3 ||    21
       Potion            |       |     1 |       |     2 ||     3
 Stab: Sleeping          |       |       |     1 |       ||     1
Armor: Robe              |     9 |       |       |       ||     9
       Leather armour    |     7 |    30 |    63 |    12 ||   112
       Troll leather arm |       |       |       |    64 ||    64
Dodge: Dodged            |    40 |    55 |    97 |    82 ||   274

Table legend: (Time is in decaauts)
 A = Elapsed time spent in this place.
 B = Non-inter-level travel time spent in this place.
 C = Inter-level travel time spent in this place.
 D = Time resting spent in this place.
 E = Time spent auto-exploring this place.
 F = Levels seen in this place.
 G = Mean time per level.
                   A        B        C        D        E       F      G
               +--------+--------+--------+--------+--------+-----+--------+
         Total |  14699 |  13986 |    713 |    411 |  11682 |  15 |  979.9 |
       Dungeon |  13639 |  12926 |    713 |    397 |  10907 |  12 | 1136.6 |
          Lair |     29 |     29 |      0 |      0 |      0 |   1 |   29.0 |
       Ossuary |    488 |    488 |      0 |     14 |    324 |   1 |  488.0 |
        Bailey |    541 |    541 |      0 |      0 |    451 |   1 |  541.0 |
               +--------+--------+--------+--------+--------+-----+--------+

Top non-repeatable levels by time:
     D:2: 1769 daAuts
     D:4: 1447 daAuts
     D:7: 1430 daAuts
    D:12: 1315 daAuts
    D:11: 1238 daAuts
     D:3: 1169 daAuts
     D:9: 1132 daAuts
    D:10: 1124 daAuts
     D:5: 889 daAuts
     D:6: 761 daAuts
     D:8: 749 daAuts
     D:1: 612 daAuts
  Bailey: 541 daAuts
 Ossuary: 488 daAuts
  Lair:1: 29 daAuts
